 Dungeon Sprint DCSS version 0.21-a0-638-g11b2e07010 (webtiles) character file.

399 NixNut the Skirmisher (level 6, -16/57 HPs)
             Began as a Demonspawn Gladiator on Dec 30, 2017.
             Was an Initiate of Okawaru.
             Demolished by Sonja
             ... wielding a +2 dagger of distortion
              (17 damage)
             ... in the Dungeon (Sprint I: "Red Sonja").
             The game lasted 00:05:07 (449 turns).

NixNut the Skirmisher (Demonspawn Gladiator)         Turns: 449, Time: 00:05:08

Health: -16/57     AC:  8    Str: 14    XL:     6   Next: 53%
Magic:  6/6        EV: 13    Int: 10    God:    Okawaru [......]
Gold:   297        SH:  0    Dex: 16    Spells: 5/5 levels left

rFire    . . .     SeeInvis .   a - +0 war axe
rCold    . . .     Gourm    .   (no shield)
rNeg     . . .     Faith    .   m - +0 scale mail
rPois    .         Spirit   .   (helmet restricted)
rElec    .         Reflect  .   (no cloak)
rCorr    .         Harm     .   (no gloves)
MR       .....     NoTele   +   (no boots)
Stlth    ..........             (no amulet)
HPRegen  0.19/turn              (no ring)
MPRegen  0.10/turn              (no ring)

@: hasted, very quick
A: horns 1, rugged brown scales 2, demonic guardian 1
a: Renounce Religion


You were in the Dungeon.
You worshipped Okawaru.
Okawaru was noncommittal.
You were not hungry.

You visited 1 branch You collected 297 gold pieces.

Inventory:

Hand Weapons
 a - a +0 war axe (weapon)
Armour
 b - a +0 leather armour
 c - a +0 helmet
 m - a +0 scale mail (worn)
Scrolls
 j - a scroll of fog {unknown}
 k - a scroll of blinking
Potions
 d - a potion of flight {unknown}
 e - a potion of curing
 g - a potion of heal wounds
 i - 2 potions of magic
 l - a potion of mutation {unknown}
Comestibles
 f - a ration
 n - 4 chunks of flesh


   Skills:
 + Level 7.3 Fighting
 + Level 7.0 Axes
 + Level 6.7 Throwing
 + Level 7.0 Dodging


You had 5 spell levels left.
You didn't know any spells.

Dungeon Overview and Level Annotations

Branches:
Dungeon (1/1)

Altars:
Cheibriados
Dithmenos
Elyvilon
Fedhas
Gozag
Hepliaklqana
Kikubaaqudgha
Nemelex Xobeh
Okawaru
Qazlal
Ru
Sif Muna
Trog
Uskayaw
Vehumet
Wu Jian
Yredelemnul
Zin
The Shining One

Shops:
D [

Annotations:
D Sonja


Innate Abilities, Weirdness & Mutations

You have a pair of small horns on your head.
You are mostly covered in rugged brown scales. (AC +2, +5% HP)
A weak demonic guardian rushes to your aid.


Message History

Your scale mail prevents you from hitting Sonja.
Sonja is lightly wounded.
Sonja misses you. Sonja hits you but does no damage.
You feel a strange sense of stasis. Sonja hits you but does no damage.
Space warps horribly around you! Sonja hits you but does no damage.
Space warps horribly around you! Sonja hits you but does no damage.
Space bends around you. Sonja hits you but does no damage.
You are too injured to fight recklessly!
You closely miss Sonja. Your headbutt misses Sonja.
Sonja is lightly wounded.
You miss Sonja. Your headbutt misses Sonja.
Sonja is lightly wounded.
Sonja hits you with an uncursed dagger of distortion.
Space warps horribly around you!
* * * LOW HITPOINT WARNING * * *
Sonja hits you but does no damage.
You feel a strange sense of stasis.
Sonja hits you with an uncursed dagger of distortion.
* * * LOW HITPOINT WARNING * * *
Space warps horribly around you!
You die...

#..#####'#####'#
#..####..#...#.#
#..#__####..##.#
#..#_____##'#_.+
#⌠⌠#_.∩...'.(._#
####_..__##_.#+#
#_____###'#
#########.##


+$@$+ #$K$# ##.## #+# You could see Sonja.

Vanquished Creatures
  A yak (D)
  Sigmund (D)
  An ogre (D)
  A jelly (D)
  Ijyb (D)
5 creatures vanquished.

Vanquished Creatures (others)
  A gargoyle (D)
1 creature vanquished.

Grand Total: 6 creatures vanquished

Notes
Turn   | Place    | Note
-------+----------+-------------------------------------------
     0 | D        | NixNut the Demonspawn Gladiator began the quest for the Orb.
     0 | D        | Reached XP level 1. HP: 16/16 MP: 1/1
     1 | D        | Noticed Ijyb
    17 | D        | Killed Ijyb
    17 | D        | Gained mutation: You have a pair of small horns on your head. [demonic ancestry]
    17 | D        | Reached XP level 2. HP: 15/24 MP: 2/2
    33 | D        | Noticed an ogre
    38 | D        | Killed an ogre
    38 | D        | Reached skill level 5 in Axes
    38 | D        | Reached skill level 5 in Dodging
    38 | D        | Gained mutation: A weak demonic guardian rushes to your aid. [demonic ancestry]
    38 | D        | Reached XP level 3. HP: 22/32 MP: 3/3
    38 | D        | Gained mutation: You are partially covered in rugged brown scales. (AC +1, +3% HP) [demonic ancestry]
    38 | D        | Reached XP level 4. HP: 22/39 MP: 4/4
   175 | D        | Noticed Sigmund
   185 | D        | Killed Sigmund
   185 | D        | Reached skill level 5 in Throwing
   185 | D        | Reached XP level 5. HP: 48/48 MP: 5/5
   262 | D        | Found an ornate altar of the Wu Jian Council.
   262 | D        | Found a deep blue altar of Sif Muna.
   264 | D        | Found a radiant altar of Vehumet.
   267 | D        | Gained mutation: You are mostly covered in rugged brown scales. (AC +2, +5% HP) [demonic ancestry]
   267 | D        | Reached XP level 6. HP: 44/55 MP: 6/6
   275 | D        | Killed a gargoyle
   331 | D        | Found Bapiq's Antique Armour Emporium.
   331 | D        | Found an ancient bone altar of Kikubaaqudgha.
   331 | D        | Found a stormy altar of Qazlal.
   331 | D        | Found a blossoming altar of Fedhas.
   331 | D        | Found a bloodstained altar of Trog.
   331 | D        | Found an iron altar of Okawaru.
   331 | D        | Found a glowing golden altar of the Shining One.
   331 | D        | Found a glowing silver altar of Zin.
   331 | D        | Found a white marble altar of Elyvilon.
   331 | D        | Noticed a yak
   336 | D        | Found a hazy altar of Hepliaklqana.
   336 | D        | Found a hide-covered altar of Uskayaw.
   342 | D        | Killed a yak
   388 | D        | Found a sacrificial altar of Ru.
   395 | D        | Found a basalt altar of Yredelemnul.
   395 | D        | Found a snail-covered altar of Cheibriados.
   395 | D        | Found a shadowy altar of Dithmenos.
   396 | D        | Found an opulent altar of Gozag.
   397 | D        | Found a sparkling altar of Nemelex Xobeh.
   418 | D        | Became a worshipper of Warmaster Okawaru
   440 | D        | Noticed Sonja
   449 | D        | HP: 2/57 [Sonja/uncursed dagger of distortion (19)]
   449 | D        | Demolished by Sonja

Vault maps used:
D:        dungeon_sprint_1

Skill      XL: |  1  2  3  4  5  6 |
---------------+-------------------+-----
Fighting       | 3 4 6 7 |  7.3
Axes           | 3 5 6 7 |  7.0
Throwing       | 3 4 5 6 |  6.7
Dodging        | 3 5 6 7 |  7.0

Action                   |  1- 3 |  4- 6 || total
-------------------------+-------+-------++-------
Melee: War axe           |    15 |    21 ||    36
       Headbutt          |     1 |     4 ||     5
Throw: Throwing net      |     3 |       ||     3
  Use: Potion            |       |     2 ||     2
 Stab: Held in net/web   |     1 |       ||     1
Armor: Leather armour    |     1 |       ||     1
       Scale mail        |       |    10 ||    10
Dodge: Dodged            |     4 |    16 ||    20

Table legend:
 A = Spawn XP
 B = Non-spawn XP
 C = Spawn XP percentage of total XP
 D = Spawn monster count
 E = Non-spawn monster count
 F = Spawn count percentage of total count
 G = Total turns spent on level
                    A         B        C        D         E        F      G
               +---------+---------+-------+---------+---------+-------+---------
         Total |       0 |     570 |   0.0 |       0 |       5 |   0.0 |   449
               +---------+---------+-------+---------+---------+-------+---------
             D |       0 |     570 |   0.0 |       0 |       5 |   0.0 |   449
               +---------+---------+-------+---------+---------+-------+---------
